 Dungeon Crawl Stone Soup version 0.21.2 (webtiles) character file.

0 glosham the Skirmisher (level 1, -15/22 HPs)
             Began as a Troll Abyssal Knight on Dec 18, 2018.
             Was a Follower of Lugonu.
             Killed from afar by a hell hog (37 damage)
             ... with a fireball
             ... on level 5 of the Abyss.
             The game lasted 00:06:52 (266 turns).

glosham the Skirmisher (Troll Abyssal Knight)        Turns: 266, Time: 00:06:52

Health: -15/22     AC:  5    Str: 19    XL:     1   Next: 0%
Magic:  1/1        EV: 10    Int:  8    God:    Lugonu [*.....]
Gold:   35         SH:  0    Dex:  9    Spells: 0/0 levels left

rFire    . . .     SeeInvis .     - Unarmed
rCold    . . .     Gourm    +   (no shield)
rNeg     . . .     Faith    .   a - +0 robe
rPois    .         Spirit   .   (helmet restricted)
rElec    .         Reflect  .   (no cloak)
rCorr    .         Harm     .   (gloves unavailable)
MR       .....                  (boots unavailable)
Stlth    +.........             (no amulet)
HPRegen  0.47/turn              (no ring)
MPRegen  0.07/turn              (no ring)

@: very slow
A: large, unfitting armour, claws 3, fast metabolism 3, gourmand, regeneration
1, shaggy fur 1, tough skin 2
a: Depart the Abyss, Renounce Religion


You were on level 5 of the Abyss.
You worshipped Lugonu.
Lugonu was aware of your devotion.
You were not hungry.

You visited 0 branches of the dungeon, and saw 0 of its levels.
You visited the Abyss 1 time.

You collected 35 gold pieces.

Inventory:

Missiles
 c - 13 arrows
Armour
 a - a +0 robe (worn)
Comestibles
 b - 2 rations


   Skills:
 - Level 2.4 Fighting
 - Level 1.9 Dodging
 * Level 2.0 Unarmed Combat
 - Level 1.5 Invocations


You couldn't memorise any spells.
You didn't know any spells.

Dungeon Overview and Level Annotations

Branches:
Dungeon (0/15)

Altars:


Innate Abilities, Weirdness & Mutations

You are too large for most types of armour.
You have claws for hands.
Your metabolism is lightning-fast.
You like to eat raw meat.
Your natural rate of healing is unusually fast.
You are covered in fur. (AC +1)
You have very tough skin. (AC +2)


Message History

You now have 35 gold pieces.
Your extra speed is starting to run out.
You see here a scroll labeled WYMINY YNELAME.
As you read the scroll labeled WYMINY YNELAME, it crumbles to dust.
You feel strangely unstable.
You feel the power of the Abyss delaying your translocation!
It was a scroll of teleportation.
As you read the scroll labeled FIUGUEWNET, it crumbles to dust.
It is a scroll of identify.
You don't have any unidentified items.
A shock serpent simulacrum comes into view.
The smoke demon roars!
You feel yourself slow down.
A thrashing horror comes into view.
The thrashing horror roars!
The shock serpent simulacrum bites you but does no damage.
Found a robe.
You are suddenly pulled into a different region of the Abyss!
Found a scroll labeled HADOOCSUTEJUTT.
A tentacled starspawn comes into view.
A tentacle flies out from the starspawn's body!
A starspawn tentacle comes into view.
The tentacled starspawn moves out of view.
A large abomination comes into view.
A smoke demon comes into view.
Found 33 gold pieces.
A large abomination comes into view.
The large abomination moves out of view.
A hell hog comes into view.
The hell hog squeals angrily.
You hear an angry hiss.
Found a chain mail.
You enter the shallow water.
Moving in this stuff is going to be slow.
A demonic crawler comes into view.
The demonic crawler gives a hideous shriek!
A large abomination comes into view.
The hell hog breathes fire at you.
The fireball explodes!
The fireball engulfs you!
Ouch! That really hurt!
You die...

≈≈≈.##..##h.##..
.≈....[.. ..... ..
.≈............ ...
#≈s≈≈#..##..# ..# ..
≈#.≈≈#..##h.##..##..
.≈..≈............... ..
X...≈............. .
#.≈##≈≈##..## .# ...#
#..≈≈@.##..##. ##...##
.....≈.≈................
.....≈..≈...............
.##..#≈≈≈##.≈##..##...#
#..##.♣##..##.3##...##
... ....≈≈≈.X..........
... ......≈............
.## #≈≈##♣.# ..##...# .≈
≈≈.##..## ..##


You could see a hell hog, a demonic crawler and 2 large abominations.

Vanquished Creatures (others)
  2 starspawn tentacles (Abyss:5)
2 creatures vanquished.

Notes
Turn   | Place    | Note
-------+----------+-------------------------------------------
     0 | Abyss:1  | glosham the Troll Abyssal Knight began the quest for the Orb.
     0 | Abyss:1  | Reached XP level 1. HP: 22/22 MP: 1/1
    98 | Abyss:1  | Noticed a small abomination
   110 | Abyss:1  | Noticed an iron imp
   112 | Abyss:1  | Noticed a starcursed mass
   126 | Abyss:2  | Noticed a large abomination
   144 | Abyss:3  | Found a corrupted altar of Lugonu.
   174 | Abyss:4  | Found a sparkling altar of Nemelex Xobeh.
   176 | Abyss:4  | Noticed an ancient zyme
   180 | Abyss:5  | Entered Level 5 of the Abyss
   201 | Abyss:5  | Noticed a smoke demon
   201 | Abyss:5  | Noticed a soul eater
   201 | Abyss:5  | Noticed a shock serpent simulacrum
   211 | Abyss:5  | Noticed a thrashing horror
   216 | Abyss:5  | Noticed a small abomination
   244 | Abyss:5  | Noticed a smoke demon
   245 | Abyss:5  | Noticed a tentacled starspawn
   248 | Abyss:5  | Noticed a large abomination
   250 | Abyss:5  | Noticed a smoke demon
   257 | Abyss:5  | Noticed a large abomination
   263 | Abyss:5  | Noticed a hell hog
   265 | Abyss:5  | Noticed a demonic crawler
   266 | Abyss:5  | Noticed a large abomination
   266 | Abyss:5  | Killed from afar by a hell hog

Action                   || total
-------------------------++-------
  Use: Scroll            ||     3
       Potion            ||     1
Armor: Robe              ||     1

Table legend:
 A = Turns spent in this place as a percentage of turns spent in the entire game.
 B = Non-inter-level travel turns spent in this place as a percentage of non-inter-level travel turns spent in the entire game.
 C = Inter-level travel turns spent in this place as a percentage of turns spent in this place.
 D = Turns resting spent in this place as a percentage of non-inter-level travel turns spent in this place.
 E = Turns spent auto-exploring this place as a percentage of non-inter-level travel turns spent in this place.
 F = Non-inter-level travel turns spent in this place divided by the number of levels of this place that you've seen.
                   A       B       C       D       E      F
               +-------+-------+-------+-------+-------+----------------------
         Total | 100.0 | 100.0 |   0.0 |  16.2 |   0.0 |  53.2
         Abyss | 100.0 | 100.0 |   0.0 |  16.2 |   0.0 |  53.2
               +-------+-------+-------+-------+-------+----------------------

Vault maps used:
Abyss:1:  evilmike_abyss_exit_glass
Abyss:3:  eino_small_chamber_without_monster, hangedman_decor_peaks_small
Abyss:5:  due_evilmike_abyss_rune_seething_liches
